 Dungeon Crawl Stone Soup version 0.21.0-3-g78d12a8 (webtiles) character file.

1763 vatarom the Cleaver (level 9, -2/77 HPs)
             Began as a Hill Orc Fighter on Jan 16, 2018.
             Was an Initiate of Beogh.
             Slain by a white ugly thing (22 damage)
             ... on level 6 of the Dungeon.
             The game lasted 00:10:25 (5464 turns).

vatarom the Cleaver (Hill Orc Fighter)              Turns: 5464, Time: 00:10:26

Health: -2/77      AC: 10    Str: 19    XL:     9   Next: 7%
Magic:  10/10      EV:  9    Int:  9    God:    Beogh [......]
Gold:   316        SH: 11    Dex: 15    Spells: 8/8 levels left

rFire    . . .     SeeInvis .   a - +2 war axe (drain)
rCold    . . .     Gourm    .   c - +0 shield
rNeg     . . .     Faith    .   b - +0 scale mail
rPois    +         Spirit   .   (no helmet)
rElec    .         Reflect  .   (no cloak)
rCorr    .         Harm     .   u - +0 pair of gloves {Dex+3}
MR       .....                  l - +0 pair of boots
Stlth    ..........             (no amulet)
HPRegen  0.22/turn              h - ring of wizardry
MPRegen  0.12/turn              m - ring of poison resistance

@: no status effects
A: no striking features
a: Renounce Religion


You were on level 6 of the Dungeon.
You worshipped Beogh.
Beogh was noncommittal.
You were not hungry.

You visited 1 branch of the dungeon, and saw 6 of its levels.

You collected 316 gold pieces.

Inventory:

Hand Weapons
 a - a +2 war axe of draining (weapon)
Missiles
 n - 2 tomahawks (quivered)
Armour
 b - a +0 scale mail (worn)
 c - a +0 shield (worn)
 l - a +0 pair of boots (worn)
 u - a +0 pair of gloves of dexterity (worn)
Jewellery
 h - a ring of wizardry (left hand)
 m - a ring of poison resistance (right hand)
Wands
 o - a wand of polymorph (11)
 v - a wand of disintegration (5)
Scrolls
 e - 2 scrolls of immolation
 j - a scroll of blinking
 k - 2 scrolls of teleportation
 p - a scroll of magic mapping
 t - a scroll of amnesia
Potions
 d - 2 potions of might
 g - a potion of curing
 i - a potion of haste
 s - a potion of berserk rage {unknown}
 w - a potion of cancellation
Books
 r - a book of Minor Magic

   Spells                             Type                      Level
   a - Magic Dart                     Conjuration                  1
   b - Blink                          Translocation                2
   c - Call Imp                       Summoning                    2
   d - Slow                           Hexes                        2
   e - Conjure Flame                  Conjuration/Fire             3
   f - Mephitic Cloud                 Conjuration/Poison/Air       3
Comestibles
 f - 8 rations


   Skills:
 + Level 6.3 Fighting
 * Level 8.6 Axes
 + Level 5.8 Armour
 + Level 1.8 Dodging
 * Level 7.7 Shields
 + Level 2.0 Invocations


You had 8 spell levels left.
You didn't know any spells.

Dungeon Overview and Level Annotations

Branches:
Dungeon (6/15)
 Temple: D:4-7

Altars:
Cheibriados
Elyvilon
Fedhas
Uskayaw

Annotations:
D:2 1 runed door


Message History

A white ugly thing is nearby!
A white ugly thing is nearby!
You see here a scroll of teleportation.
You barely miss the white ugly thing.
You block the white ugly thing's attack.
You barely miss the white ugly thing.
The white ugly thing stings you but does no damage.
You closely miss the white ugly thing.
You block the white ugly thing's attack.
You hit the white ugly thing. You drain the white ugly thing!
The white ugly thing is lightly wounded.
The white ugly thing stings you! The white ugly thing freezes you!!
You hit the white ugly thing.
The white ugly thing is lightly wounded.
The white ugly thing stings you. The white ugly thing freezes you!!
* * * LOW HITPOINT WARNING * * *
The white ugly thing stings you.
* * * LOW HITPOINT WARNING * * *
The white ugly thing freezes you!!
You die...

#.......# #.# #.......#
#.# ##.......# #.####
#........# #.##.##
###.#......#####.#...###
+.......................
#......######.#....##
##.#?### #......# #@#
####<..# #u# ##.## #.#
#.# #.# #.# #.# #.# #.#
#.# #.# #.# #.# #.# #.#


You could see a white ugly thing.

Vanquished Creatures
  The ghost of Monsterracer the Chopper, an amateur MiCj (D:4)
  3 ice beasts (D:5)
  Duvessa (D:4)
  A sky beast (D:5)
  2 phantoms
  2 ogres
  A centaur (D:5)
  Dowan (D:4)
  A scorpion (D:4)
  A howler monkey (D:4)
  3 centaur skeletons
  A hound (D:4)
  3 orc wizards
  2 bullfrog skeletons
  2 iguanas (D:5)
  Natasha (twice) (D:4)
  A worker ant (D:4)
  9 adders
  3 gnolls (D:4)
  An ooze (D:4)
  An adder zombie (D:4)
  3 worms
  2 dart slugs
  4 leopard geckos
  8 orcs
  4 bats
  4 giant cockroaches
  8 goblins
  9 hobgoblins
  6 jackals (D:1)
  2 quokkas
  5 frilled lizards
  A jackal skeleton (D:6)
  6 kobolds
  19 rats
123 creatures vanquished.

Vanquished Creatures (others)
  A crimson imp (D:5)
  An orc priest (D:5)
  An orc wizard (D:5)
  3 orcs (D:5)
  A giant cockroach (D:5)
  A frilled lizard (D:5)
8 creatures vanquished.

Grand Total: 131 creatures vanquished

Notes
Turn   | Place    | Note
-------+----------+-------------------------------------------
     0 | D:1      | vatarom the Hill Orc Fighter began the quest for the Orb.
     0 | D:1      | Reached XP level 1. HP: 19/19 MP: 1/1
    96 | D:1      | Reached skill level 3 in Axes
    96 | D:1      | Reached XP level 2. HP: 27/27 MP: 2/2
   248 | D:1      | Reached XP level 3. HP: 33/33 MP: 3/3
   886 | D:2      | Reached XP level 4. HP: 40/40 MP: 4/4
  1135 | D:2      | Found a runed door.
  1191 | D:2      | Reached skill level 4 in Axes
  1345 | D:2      | Found a hide-covered altar of Uskayaw.
  1661 | D:3      | Reached XP level 5. HP: 46/46 MP: 5/5
  1663 | D:3      | Found a blossoming altar of Fedhas.
  2183 | D:4      | Noticed a phantom
  2237 | D:4      | Killed a phantom
  2237 | D:4      | Reached skill level 5 in Axes
  2237 | D:4      | Reached skill level 5 in Shields
  2237 | D:4      | Reached XP level 6. HP: 11/53 MP: 6/6
  2278 | D:4      | Noticed Natasha
  2282 | D:4      | Killed Natasha
  2506 | D:4      | Noticed Duvessa
  2507 | D:4      | Noticed Dowan
  2521 | D:4      | Killed Duvessa
  2521 | D:4      | Reached XP level 7. HP: 28/60 MP: 7/7
  2575 | D:4      | Killed Dowan
  2575 | D:4      | Reached skill level 5 in Fighting
  2575 | D:4      | Reached skill level 6 in Axes
  2681 | D:4      | Noticed Monsterracer's ghost (amateur MiCj)
  2700 | D:4      | HP: 2/61 [Monsterracer's ghost (9)]
  3042 | D:4      | Killed Monsterracer's ghost
  3199 | D:4      | Noticed Natasha
  3209 | D:4      | Killed Natasha
  3210 | D:4      | HP: 3/61 [ogre/giant spiked club (13)]
  3213 | D:4      | Reached skill level 7 in Axes
  3213 | D:4      | Reached skill level 5 in Armour
  3213 | D:4      | Reached XP level 8. HP: 3/69 MP: 8/8
  3215 | D:4      | HP: 1/69 [quokka (3)]
  3871 | D:5      | Entered Level 5 of the Dungeon
  3884 | D:5      | Became a worshipper of Beogh the Brigand
  3954 | D:5      | Reached skill level 1 in Dodging
  4332 | D:5      | Reached skill level 8 in Axes
  4436 | D:5      | Reached skill level 1 in Invocations
  4453 | D:5      | Got a scorched hand axe
  4456 | D:5      | Identified the +3 hand axe "Suementesh" {vamp, rC+ Str+4 Dex-4} (You found it on level 5 of the Dungeon)
  4985 | D:6      | Reached XP level 9. HP: 75/75 MP: 10/10
  5044 | D:6      | Found a snail-covered altar of Cheibriados.
  5336 | D:6      | Found a white marble altar of Elyvilon.
  5457 | D:6      | Noticed a white ugly thing
  5464 | D:6      | Slain by a white ugly thing

Skill      XL: |  1  2  3  4  5  6  7  8  9 |
---------------+----------------------------+-----
Axes           | 3 4 5 7 8 |  8.6
Fighting       | 4 5 6 |  6.3
Shields        | 4 5 6 7 |  7.7
Armour         | 4 5 |  5.8
Dodging        | 1 |  1.8
Invocations    | 1 2 |  2.0

Action                   |  1- 3 |  4- 6 |  7- 9 || total
-------------------------+-------+-------+-------++-------
Melee: War axe           |   118 |   180 |   192 ||   490
       Unarmed           |       |       |     6 ||     6
Throw: Tomahawk          |       |       |     1 ||     1
Invok: Convert to Beogh  |       |       |     1 ||     1
  Use: Scroll            |       |     9 |     6 ||    15
       Potion            |       |     8 |     3 ||    11
  Eat: Chunk             |       |     6 |     6 ||    12
       Ration            |       |       |     2 ||     2
Armor: Scale mail        |    55 |    77 |    73 ||   205
Dodge: Dodged            |    35 |    49 |    56 ||   140
Block: Shield            |    75 |   101 |    98 ||   274
